 Dungeon Crawl Stone Soup version 0.28-a0-1033-g1a2f33fa85 (webtiles) character file.

Game seed: 12022892369900173035

64 ragingrage the Chopper (level 3, -1/30 (31) HPs)
             Began as a Palentonga Fighter on Dec 7, 2021.
             Slain by a gnoll (4 damage)
             ... on level 3 of the Dungeon.
             The game lasted 00:01:17 (1708 turns).

ragingrage the Chopper (Palentonga Fighter)         Turns: 1708, Time: 00:01:18

HP:   -1/30 (31)    AC:  6    Str: 19    XL:     3   Next: 91%
MP:   3/3           EV:  7    Int:  8    God:
Gold: 90            SH:  4    Dex: 11    Spells: 2/2 levels left

rFire   . . .      SeeInvis +   a - +0 war axe
rCold   + . .      Faith    .   c - +0 buckler
rNeg    . . .      Spirit   .   b - +0 scale mail
rPois   .          Reflect  .   (no helmet)
rElec   .          Harm     .   (no cloak)
rCorr   .          Rampage  .   (no gloves)
Will    .....                   (no barding)
Stlth   ..........              (no amulet)
HPRegen 0.10/turn               j - ring of protection from cold
MPRegen 0.08/turn               (no ring)

@: mighty, lightly drained
A: large, rugged brown scales 3, see invisible, deformed body, roll 1, armoured
tail
a: Rolling Charge


You were on level 3 of the Dungeon.
You visited 1 branch of the dungeon, and saw 3 of its levels.

You collected 90 gold pieces.

Inventory:

Hand Weapons
 a - a +0 war axe (weapon)
Armour
 b - a +0 scale mail (worn)
 c - a +0 buckler (worn)
Jewellery
 j - a ring of protection from cold (left hand)
Scrolls
 g - 2 scrolls of identify {unknown}
 h - a scroll of brand weapon {unknown}
Potions
 d - 2 potions of might
 e - a potion of mutation {unknown}
 f - a potion of brilliance {unknown}
 i - a potion of flight {unknown}
 k - a potion of haste {unknown}


   Skills:
 - Level 3.0 Fighting
 * Level 4.3 Axes
 - Level 2.4 Armour
 - Level 2.4 Shields


You had 2 spell levels left.
You didn't know any spells.
Your spell library contained the following spells:

 Spells                   Type           Power      Damage    Failure   Level
 Ensorcelled Hibernation  Hex/Ice        0%         N/A       89%         2
 Tukima's Dance           Hex            0%         N/A       98%         3


Dungeon Overview and Level Annotations

Branches:
Dungeon (3/15)

Altars:
The Shining One


Innate Abilities, Weirdness & Mutations

You are completely covered in rugged brown scales. (AC +3, +7% HP)
You have supernaturally acute eyesight. (SInv)
Armour fits poorly on your strangely shaped body.
You can roll at nearby foes to attack.
You have a long armoured tail.


Message History

There is a stone staircase leading down here.
You climb downwards.
The gnoll shouts! x2
There is a stone staircase leading up here.
There are monsters nearby!
There are monsters nearby!
There are monsters nearby!
Roll where?
Press: ? - help, Dir - move target, f - gnoll
Aim: a gnoll, wielding a +0 spear You roll forward with a clatter of scales!
A gnoll comes into view. It is wielding a +0 club.
You closely miss the gnoll.
The gnoll shouts!
Your tail-slap misses the gnoll.
You hit the gnoll. The gnoll hits you with a +0 club.
The gnoll hits you but does no damage.
You hit the gnoll.
The gnoll is heavily wounded.
You hit the gnoll. You hit the gnoll but do no damage.
The gnoll hits you with a +2 flail of draining.
You feel drained. The gnoll hits you with a +0 club!
The gnoll barely misses you. The gnoll hits you but does no damage.
You block the gnoll's attack.
You open the door.
Found a fuming green potion.
There is an open door here.
You see here a fuming green potion.
k - a fuming green potion The gnoll hits you with a +0 club!
* * * LOW HITPOINT WARNING * * *
You feel very mighty all of a sudden. You block the gnoll's attack.
You barely miss the gnoll.
The gnoll is moderately wounded.
You slash the gnoll! The gnoll closely misses you.
The gnoll hits you with a +0 club.
* * * LOW HITPOINT WARNING * * *
The gnoll hits you with a +2 flail of draining.
You die...

###### #....#
###'##.#
#.g..#.#
#.gg.#g#
#.@..#g#
#....#.#
#....#g#
....##.#
.######.#####
#. #.#..<# #
######.#.###
..........#
.......####


You could see 3 gnolls.

Vanquished Creatures
  2 adders (D:2)
  A worm (D:2)
  4 endoplasms
  3 hobgoblins
  5 jackals
  A quokka (D:2)
  8 ball pythons
  5 bats
  2 frilled lizards (D:1)
  4 goblins
  2 kobolds (D:2)
  7 rats
44 creatures vanquished.

Notes
Turn   | Place    | Note
-------+----------+-------------------------------------------
     0 | D:1      | ragingrage the Palentonga Fighter began the quest for the
                  | Orb.
     0 | D:1      | Reached XP level 1. HP: 19/19 MP: 1/1
   257 | D:1      | Reached XP level 2. HP: 22/25 MP: 2/2
   422 | D:1      | Reached skill level 3 in Axes
   564 | D:1      | Found a faded altar of an unknown god.
  1059 | D:2      | Reached XP level 3. HP: 31/31 MP: 3/3
  1405 | D:2      | Reached skill level 4 in Axes
  1541 | D:2      | Found a glowing golden altar of the Shining One.
  1708 | D:3      | Slain by a gnoll

Illustrated notes

Levels and vault maps discovered:
D:1:      mainiacjoe_arrival_reflecting_pool, layout_basic,
          shapermc_ecumenical_altar_mp_vishouse
D:2:      layout_basic, basic_altar, minmay_tree_intersection
D:3:      layout_basic, nicolae_tso_swordbearing_angel

Skill      XL: |  1  2  3 |
---------------+----------+-----
Axes           | 3 4 |  4.3
Fighting       | |  3.0
Armour         | |  2.4
Shields        | |  2.4

Action                   || total
-------------------------++-------
Melee: War axe           ||   115
       Tailslap          ||    10
 Abil: Rolling Charge    ||    17
  Use: Potion            ||     1
Armor: Scale mail        ||    58
Dodge: Dodged            ||    45
Block: Buckler           ||    20

Table legend: (Time is in decaauts)
 A = Elapsed time spent in this place.
 B = Non-inter-level travel time spent in this place.
 C = Inter-level travel time spent in this place.
 D = Time resting spent in this place.
 E = Time spent auto-exploring this place.
 F = Levels seen in this place.
 G = Mean time per level.
                   A        B        C        D        E       F      G
               +--------+--------+--------+--------+--------+-----+--------+
         Total |   1745 |   1688 |     57 |      0 |   1419 |   3 |  581.7 |
       Dungeon |   1745 |   1688 |     57 |      0 |   1419 |   3 |  581.7 |
               +--------+--------+--------+--------+--------+-----+--------+

Top non-repeatable levels by time:
     D:1: 1049 daAuts
     D:2: 672 daAuts
     D:3: 23 daAuts
